 Dungeon Crawl Stone Soup version 0.26-a0-812-g31a745ddcd (webtiles) character file.

Game seed: 11422616679281396590

1967 schauveau the Chopper (level 9, -10/56 HPs)
             Began as a Gargoyle Fighter on Nov 14, 2020.
             Was a Priest of Okawaru.
             Mangled by an ogre
             ... wielding a +0 giant club
              (20 damage)
             ... on level 6 of the Dungeon.
             The game lasted 00:09:49 (6218 turns).

schauveau the Chopper (Gargoyle Fighter)            Turns: 6218, Time: 00:09:49

Health: -10/56     AC: 21    Str: 24    XL:     9   Next: 19%
Magic:  9/9        EV:  8    Int: 10    God:    Okawaru [***...]
Gold:   161        SH:  0    Dex:  9    Spells: 8/8 levels left

rFire    . . .     SeeInvis .   E - +0 battleaxe
rCold    . . .     Faith    +   (shield currently unavailable)
rNeg     + + .     Spirit   .   B - +0 chain mail
rPois    ∞         Reflect  .   (no helmet)
rElec    +         Harm     .   e - +0 cloak
rCorr    .         Rampage  .   (no gloves)
MR       .....                  k - +0 pair of boots
Stlth    ..........             t - amulet of faith
HPRegen  0.18/turn              d - ring of positive energy
MPRegen  0.11/turn              (no ring)

@: studying Unarmed Combat
A: iridescent scales 1, negative energy resistance 1, electricity resistance,
strong 1, unbreathing, petrification resistance, rot immunity, AC +6
a: Heroism, Renounce Religion


You were on level 6 of the Dungeon.
You worshipped Okawaru.
Okawaru was most pleased with you.
You visited 1 branch of the dungeon, and saw 8 of its levels.
You also visited: Ossuary.

You collected 317 gold pieces.
You spent 156 gold pieces at shops.

Inventory:

Hand Weapons
 a - a +3 war axe
 E - a +0 battleaxe (weapon)
Missiles
 b - 5 javelins
 z - 6 boomerangs (quivered)
Armour
 c - a +0 kite shield
 e - a +0 cloak (worn)
 k - a +0 pair of boots (worn)
 B - a +0 chain mail (worn)
Jewellery
 d - a ring of positive energy (left hand)
 t - an amulet of faith (around neck)
 K - an uncursed ring of flight {unknown}
Wands
 F - a wand of iceblast (11)
 G - a wand of flame (20)
 I - a wand of paralysis (13)
 O - a wand of enslavement (3)
Scrolls
 f - 6 scrolls of remove curse
 g - 4 scrolls of enchant weapon
 j - 6 scrolls of teleportation
 o - 2 scrolls of fear
 u - 2 scrolls of magic mapping
 y - a scroll of enchant armour
 A - a scroll of amnesia {unknown}
 H - a scroll of brand weapon {unknown}
 J - a scroll of vulnerability {unknown}
 L - a scroll of immolation {unknown}
 N - a scroll of identify
Potions
 h - a potion of degeneration {unknown}
 i - 2 potions of mutation
 l - 4 potions of brilliance
 m - 2 potions of berserk rage
 n - a potion of ambrosia
 q - a potion of attraction
 r - a potion of might
 s - 2 potions of lignification
 v - a potion of heal wounds {unknown}
 w - 4 potions of curing
 x - a potion of haste
 C - a potion of magic {unknown}
 D - a potion of resistance {unknown}
 M - a potion of flight {unknown}
Books
 p - a manual of Unarmed Combat


   Skills:
 + Level 6.7 Fighting
 * Level 7.2 Axes
 + Level 6.7 Armour
 - Level 6.1 Shields


You had 8 spell levels left.
You didn't know any spells.
Your spell library was empty.

Dungeon Overview and Level Annotations

Branches:
Dungeon (8/15)             Temple (0/1) D:5         Ossuary (visited)
   Lair: D:8-11

Altars:
Ashenzari
Makhleb
Okawaru
Uskayaw
Yredelemnul
Zin

Shops:
D:5 !


Innate Abilities, Weirdness & Mutations

You are resistant to torment.
Your stone body is resilient. (AC +6)
You are immune to poison.
You resist negative energy. (rN+)
You are resistant to electric shocks. (rElec)
You can survive without breathing.
You are immune to petrification.
You are immune to rotting.
You are partially covered in iridescent scales. (AC +2)
Your muscles are strong. (Str +2)


Message History

You slash the ogre!
The ogre is moderately wounded.
The ogre hits you but does no damage.
You hit the ogre but do no damage.
The ogre is moderately wounded.
The ogre hits you with a +0 giant club!
* * * LOW HITPOINT WARNING * * *
You closely miss the ogre.
The ogre is moderately wounded.
The ogre hits you with a +0 giant club!
* * * LOW HITPOINT WARNING * * *
You hit the ogre.
The ogre is moderately wounded.
The ogre hits you but does no damage.
You hit the ogre.
The ogre is heavily wounded.
The ogre closely misses you.
You feel better.
The ogre hits you with a +0 giant club!!
You die...

## ....... #(
...... #.
#.._8 ##$
#... #.. #..
#..### #.#
#....###.#
#...)@O.#
###.###.....#
#.# #.....#
#.# #........
#.# #.....#..
#.# #...?.# .
#.# #######
#># ###.#


You could see an ogre.

Vanquished Creatures
  A wraith (Ossuary)
  A soldier ant (D:4)
  2 water moccasins (D:7)
  A sky beast (D:7)
  4 ogres
  2 ice beasts
  A big kobold (D:7)
  3 bullfrogs
  2 scorpions
  An orc priest (D:6)
  2 orc wizards
  An iguana (D:7)
  2 centaur skeletons (D:4)
  4 worker ants
  A hound skeleton (D:5)
  3 mummies (Ossuary)
  3 gnolls (D:4)
  10 adders
  A shadow imp (D:8)
  A white imp (D:6)
  An ooze (D:1)
  4 worms
  2 dart slugs
  4 leopard geckos
  8 orcs
  9 bats
  2 goblins
  A hobgoblin (D:1)
  A jackal (D:4)
  2 quokkas
  A ball python (D:3)
  4 frilled lizards
  2 goblin zombies (Ossuary)
  6 hobgoblin zombies (Ossuary)
  6 kobolds
  2 orc zombies (Ossuary)
  A quokka skeleton (D:7)
  A quokka zombie (D:5)
  2 rats
  A rat zombie (D:5)
106 creatures vanquished.

Vanquished Creatures (others)
  A hobgoblin zombie (Ossuary)
1 creature vanquished.

Grand Total: 107 creatures vanquished

Notes
Turn   | Place    | Note
-------+----------+-------------------------------------------
     0 | D:1      | schauveau the Gargoyle Fighter began the quest for the Orb.
     0 | D:1      | Reached XP level 1. HP: 14/14 MP: 1/1
   124 | D:2      | Reached skill level 2 in Axes
   124 | D:2      | Reached XP level 2. HP: 9/19 MP: 2/2
   481 | D:4      | Noticed an ogre
   513 | D:3      | Found an iron altar of Okawaru.
   548 | D:3      | Became a worshipper of Warmaster Okawaru
   630 | D:2      | Reached XP level 3. HP: 20/23 MP: 3/3
  1470 | D:2      | Reached XP level 4. HP: 26/29 MP: 4/4
  1719 | D:2      | Reached skill level 3 in Axes
  2045 | D:3      | Found a broken altar of Ashenzari.
  2365 | D:3      | Reached XP level 5. HP: 32/33 MP: 5/5
  2393 | D:3      | Found a burning altar of Makhleb.
  2643 | D:4      | Killed an ogre
  2643 | D:4      | Reached XP level 6. HP: 25/39 MP: 6/6
  2691 | D:4      | Reached * piety under Okawaru
  2691 | D:4      | Reached skill level 4 in Axes
  3139 | D:4      | Noticed a soldier ant
  3169 | D:4      | Killed a soldier ant
  3169 | D:4      | Reached XP level 7. HP: 4/44 MP: 7/7
  3679 | D:5      | Entered Level 5 of the Dungeon
  3727 | D:5      | Found a sand-covered staircase.
  3744 | Ossuary  | Entered an ossuary
  3744 | Ossuary  | Noticed a wraith
  3744 | Ossuary  | Noticed a wraith
  3744 | Ossuary  | Noticed a wraith
  3904 | Ossuary  | Reached skill level 5 in Armour
  3941 | Ossuary  | Gained mutation: You are partially covered in iridescent
                  | scales. (AC +2) [potion of mutation]
  3941 | Ossuary  | Gained mutation: Your muscles are strong. (Str +2) [potion
                  | of mutation]
  4047 | Ossuary  | Noticed a wraith
  4053 | Ossuary  | Killed a wraith
  4053 | Ossuary  | Reached skill level 5 in Fighting
  4053 | Ossuary  | Reached skill level 5 in Axes
  4053 | Ossuary  | Reached skill level 5 in Shields
  4252 | D:5      | Found Vyfamat's Distillery.
  4255 | D:5      | Bought a potion of curing for 36 gold pieces
  4255 | D:5      | Bought a potion of haste for 120 gold pieces
  4390 | D:5      | Found a staircase to the Ecumenical Temple.
  4428 | D:5      | Reached ** piety under Okawaru
  4613 | D:5      | Reached XP level 8. HP: 16/50 MP: 8/8
  5287 | D:6      | You fall into a shaft and drop 2 floors!
  5326 | D:8      | Reached skill level 6 in Axes
  5476 | D:7      | Noticed a -3 hand axe
  5476 | D:7      | Noticed a +0 dagger
  5478 | D:7      | Found a hide-covered altar of Uskayaw.
  5488 | D:7      | Reached *** piety under Okawaru
  5783 | D:7      | Reached XP level 9. HP: 37/56 MP: 9/9
  6135 | D:7      | Found a broken altar of Ashenzari.
  6142 | D:7      | Found a glowing silver altar of Zin.
  6174 | D:6      | Reached skill level 7 in Axes
  6200 | D:6      | Found a basalt altar of Yredelemnul.
  6218 | D:6      | Mangled by an ogre

Illustrated notes

Levels and vault maps discovered:
D:1:      wander_arrival_estate, layout_loops_ring
D:2:      layout_loops_corners
D:3:      layout_loops_ring, okawaru_metal_pillars_3,
          lemuel_coloured_pillars_altar, nicolae_ashenzari_panopticon
D:4:      layout_basic, minmay_manual_monstrance
D:5:      layout_loops_ring, minmay_temple_entry_wispy, enter_ossuary_4,
          serial_shops, shop
D:6:      layout_loops_cross, chequers_temple_overflow_statue_of_worship
D:7:      layout_loops_ring, grunt_temple_overflow_open,
          dancing_weapons_uskayaw, minmay_starry_boxes
D:8:      layout_gridville, tgw_sif

Skill      XL: |  1  2  3  4  5  6  7  8  9 |
---------------+----------------------------+-----
Axes           | 2 3 4 5 6 7 |  7.2
Armour         | 4 5 6 |  6.7
Shields        | 4 5 6 |  6.1
Fighting       | 4 5 6 |  6.7

Action                   |  1- 3 |  4- 6 |  7- 9 || total
-------------------------+-------+-------+-------++-------
Melee: War axe           |   108 |   177 |   123 ||   408
       Battleaxe         |       |       |    71 ||    71
  Use: Potion            |       |     1 |     2 ||     3
       Scroll            |       |       |    15 ||    15
Armor: Scale mail        |    55 |   105 |    17 ||   177
       Chain mail        |       |       |    85 ||    85
Dodge: Dodged            |    28 |    44 |    47 ||   119
Block: Kite shield       |    68 |    87 |    55 ||   210

Table legend: (Time is in decaauts)
 A = Elapsed time spent in this place.
 B = Non-inter-level travel time spent in this place.
 C = Inter-level travel time spent in this place.
 D = Time resting spent in this place.
 E = Time spent auto-exploring this place.
 F = Levels seen in this place.
 G = Mean time per level.
                   A        B        C        D        E       F      G
               +--------+--------+--------+--------+--------+-----+--------+
         Total |   6411 |   6207 |    204 |    383 |   3851 |   9 |  712.3 |
       Dungeon |   5900 |   5696 |    204 |    383 |   3690 |   8 |  737.5 |
       Ossuary |    510 |    510 |      0 |      0 |    161 |   1 |  510.0 |
               +--------+--------+--------+--------+--------+-----+--------+

Top non-repeatable levels by time:
     D:2: 1197 daAuts
     D:4: 1161 daAuts
     D:5: 1069 daAuts
     D:7: 820 daAuts
     D:3: 758 daAuts
     D:1: 687 daAuts
 Ossuary: 510 daAuts
     D:6: 135 daAuts
     D:8: 70 daAuts
